 Dungeon Crawl Stone Soup version 0.16.2-12-gd0ad4c3 (webtiles) character file.

662 dearth the Cudgeler (level 7, 0/61 HPs)
             Began as a Hill Orc Fighter on Sept 27, 2015.
             Was an Initiate of Okawaru.
             Slain by Kharon's ghost (9 damage)
             ... on level 4 of the Dungeon.
             The game lasted 00:14:09 (4482 turns).

dearth the Cudgeler (Hill Orc Fighter)              Turns: 4482, Time: 00:14:09

Health: 0/61       AC:  7    Str: 21    XL:     7   Next: 56%
Magic:  9/9        EV:  7    Int:  8    God:    Okawaru [......]
Gold:   181        SH: 10    Dex: 10    Spells: 0 memorised, 6 levels left

rFire  . . .     SeeInvis .     a - +0 flail
rCold  . . .     Clarity  .     b - +0 scale mail
rNeg   . . .     SustAb   .     c - +0 shield
rPois  .         Gourm    .     (no helmet)
rElec  .         Spirit   .     (no cloak)
rCorr  .         Warding  .     (no gloves)
rMut   .         Stasis   +     (no boots)
MR     .....                    j - amulet of stasis
Stlth  ..........               (no ring)
                                (no ring)

@: not resistant to hostile enchantments, extremely unstealthy
A: no striking features
a: Renounce Religion


You were on level 4 of the Dungeon.
You worshipped Okawaru.
Okawaru was noncommittal.
You were not hungry.

You visited 1 branch of the dungeon, and saw 6 of its levels.

You collected 181 gold pieces.

Inventory:

Hand weapons
 a - a +0 flail (weapon)
Armour
 b - a +0 scale mail (worn)
 c - a +0 shield (worn)
Jewellery
 j - an amulet of stasis (around neck)
Magical devices
 t - a wand of polymorph (0)
 x - a wand of fireball (6)
Scrolls
 f - a scroll of immolation {unknown}
 g - a scroll of teleportation
 h - 4 scrolls of remove curse
 i - 3 scrolls of amnesia {unknown}
 l - a scroll of blinking {unknown}
 m - a scroll of magic mapping {unknown}
 n - 5 scrolls of identify {unknown}
 p - 3 scrolls of fear {unknown}
 s - 2 scrolls of enchant armour {unknown}
 w - a scroll of noise {unknown}
 y - 2 scrolls of random uselessness {unknown}
 C - a scroll of enchant weapon {unknown}
Potions
 e - a potion of poison {unknown}
 k - a potion of cure mutation {unknown}
 q - a potion of cancellation {unknown}
 u - a potion of lignification {unknown}
 v - a potion of heal wounds {unknown}
 A - a potion of curing {unknown}
 B - a potion of agility {unknown}
Comestibles
 d - 2 meat rations
 o - a beef jerky
 r - a royal jelly
 z - a bread ration


   Skills:
 + Level 5.4 Fighting
 * Level 5.6 Maces & Flails
 + Level 4.8 Armour
 + Level 5.0 Shields
 + Level 2.2 Evocations


You had 6 spell levels left.
You didn't know any spells.

Dungeon Overview and Level Annotations

Branches:
Dungeon (6/15)
 Temple: D:4-7

Altars:
Gozag
Okawaru
Qazlal
Ru

Annotations:
D:4 Eustachio; Kharon's ghost, average DEWz
D:5 Sigmund


Message History

You feel sick.
You are no longer poisoned.
Kharon's ghost hits you!
* * * LOW HITPOINT WARNING * * *
You hit Kharon's ghost but do no damage.
Kharon's ghost is almost destroyed.
Kharon's ghost casts a spell at you. The magic dart hits you!
* * * LOW HITPOINT WARNING * * *
You hit Kharon's ghost.
Kharon's ghost is almost destroyed.
Kharon's ghost tells you, "The cards don't hold a good future for you."
Kharon's ghost casts a spell at you. The magic dart hits you!
* * * LOW HITPOINT WARNING * * *
Kharon's ghost barely misses you.
You barely miss Kharon's ghost.
Kharon's ghost is almost destroyed.
Kharon's ghost hits you!
You die...

# ..
#.#######
#.#.....#
#.#@###.#
#.#W# #.# #
#.#o# #.# #
.#..###.#.#
#.# # # .
#.....o...#
#.# #.#..#
#...###.#.#
#.# #.#..#
.W.....#.#
..#..# #
#.#.###.#.#
#....#.#
#.#. .#<#


You could see Kharon's ghost and an orc.

Vanquished Creatures
  The ghost of Typee the Cudgeler, an average DsAK of Lugonu (D:3)
  Duvessa (D:4)
  2 scorpions (D:6)
  Dowan (D:4)
  An orc priest (D:4)
  2 iguanas
  An orc wizard (D:2)
  Ijyb (D:2)
  Terence (D:2)
  3 gnolls (D:3)
  5 adders
  A giant mite (D:2)
  4 worms
  3 giant geckos
  An ooze (D:2)
  3 orcs
  3 ball pythons
  13 bats
  A bat skeleton (D:6)
  3 giant cockroaches
  5 goblins
  11 hobgoblins
  11 jackals
  3 quokkas
  10 giant newts
  4 kobolds
  12 rats
107 creatures vanquished.

Notes
Turn   | Place    | Note
--------------------------------------------------------------
     0 | D:1      | dearth, the Hill Orc Fighter, began the quest for the Orb.
     0 | D:1      | Reached XP level 1. HP: 19/19 MP: 1/1
   268 | D:1      | Reached XP level 2. HP: 16/27 MP: 2/2
   895 | D:1      | Reached XP level 3. HP: 33/33 MP: 3/3
  1571 | D:2      | Reached skill level 4 in Fighting
  1681 | D:2      | Noticed Terence
  1692 | D:2      | Killed Terence
  1692 | D:2      | Reached XP level 4. HP: 35/40 MP: 4/4
  1725 | D:2      | Found a stormy altar of Qazlal.
  1967 | D:2      | Found a sacrificial altar of Ru.
  2016 | D:2      | Reached XP level 5. HP: 46/46 MP: 5/5
  2417 | D:2      | Noticed Ijyb
  2497 | D:2      | Killed Ijyb
  2532 | D:2      | Found an opulent altar of Gozag.
  3280 | D:3      | Reached XP level 6. HP: 39/53 MP: 6/6
  3305 | D:3      | Noticed Typee's ghost (average DsAK)
  3410 | D:3      | Killed Typee's ghost
  3410 | D:3      | Reached skill level 1 in Evocations
  3519 | D:3      | You fall through a shaft for 3 floors!
  3539 | D:6      | Reached skill level 5 in Fighting
  3539 | D:6      | Reached skill level 5 in Maces & Flails
  3551 | D:6      | Reached XP level 7. HP: 27/61 MP: 9/9
  3841 | D:5      | Entered Level 5 of the Dungeon
  3841 | D:5      | Noticed Sigmund
  3964 | D:4      | Found an iron altar of Okawaru.
  3964 | D:4      | Noticed Eustachio
  3964 | D:4      | Noticed Dowan
  4044 | D:4      | Noticed Duvessa
  4067 | D:4      | Killed Duvessa
  4117 | D:4      | Became a worshipper of Warmaster Okawaru
  4446 | D:4      | Reached skill level 5 in Shields
  4450 | D:4      | Killed Dowan
  4459 | D:4      | Noticed Kharon's ghost (average DEWz)
  4482 | D:4      | Slain by Kharon's ghost

Action                   |  1- 3 |  4- 6 |  7- 9 || total
-------------------------+-------+-------+-------++-------
Melee: Flail             |   155 |   196 |    97 ||   448
       Unarmed           |       |    21 |       ||    21
  Use: Scroll            |       |     2 |       ||     2
       Potion            |       |     2 |       ||     2
 Stab: Paralysed         |       |     1 |       ||     1
  Eat: Chunk             |     3 |     1 |     2 ||     6
       Meat ration       |       |     1 |       ||     1
       Fruit             |       |     1 |       ||     1
